 Dungeon Crawl Stone Soup version 0.30-a0-772-g5528072125 (webtiles) character file.

Game seed: 664331640686308591

32965 HammerPanzer the Severer (level 13, -4/122 HPs)
             Began as a Minotaur Berserker on Feb 12, 2023.
             Was a High Priest of Trog.
             Engulfed by a cloud of freezing vapour (29 damage)
             ... in an ice cave.
             The game lasted 00:43:09 (14669 turns).

HammerPanzer the Severer (Minotaur Berserker)      Turns: 14669, Time: 00:43:09

Health: -4/122     AC: 17    Str: 32    XL:     13   Next: 34%
Magic:  12/12      EV:  8    Int:  4    God:    Trog [*****.]
Gold:   772        SH: 13    Dex: 15    Spells: 12/12 levels left

rFire   . . .      SeeInvis +    J - +3 hand axe (flame)
rCold   . . .      Faith    .    m - +0 kite shield
rNeg    . . .      Spirit   .    D - +0 plate armour
rPois   .          Reflect  .    (helmet restricted)
rElec   .          Harm     .    (no cloak)
rCorr   .          Rampage  .    y - +0 pair of gloves
Will    .....                    (no boots) Stlth
                                 (no amulet)
HPRegen 0.40/turn                g - ring of Buylol {Str+6 Dex+4}
MPRegen 0.13/turn                o - ring of see invisible

@: about to teleport, on berserk cooldown, slowed, very slow
A: horns 2, retaliatory headbutt
a: Renounce Religion, Berserk, Trog's Hand, Brothers in Arms


You were in an ice cave.
You worshipped Trog.
Trog was extremely pleased with you.
You visited 1 branch of the dungeon, and saw 14 of its levels.
You also visited: Sewer, Ossuary and Ice Cave.

You collected 772 gold pieces.

Inventory:

Hand Weapons
 a - a +2 war axe of draining
 b - a +2 sling of flaming
 J - a +3 hand axe of flaming (weapon)
Missiles
 e - a throwing net
 q - 20 poisoned darts (quivered)
Armour
 m - a +0 kite shield (worn)
 y - a +0 pair of gloves (worn)
 D - a +0 plate armour (worn)
Jewellery
 g - the ring of Buylol (left hand) {Str+6 Dex+4}
   (You found it in a sewer)

   [ring of strength]

   Str:       It affects your strength (+6).
   Dex:       It affects your dexterity (+4).
 o - a ring of see invisible (right hand)
 v - a ring of positive energy
 A - a ring of resist corrosion
Wands
 f - a wand of polymorph (6)
 p - a wand of acid (36)
 t - a wand of flame (6)
 B - a wand of digging (9)
 E - a wand of mindburst (14)
 F - a wand of charming (2)
 H - a wand of roots (4)
Scrolls
 h - a scroll of immolation
 k - 2 scrolls of blinking
 x - 3 scrolls of teleportation
 C - 6 scrolls of identify
 I - a scroll of fear
Potions
 c - 9 potions of curing
 d - 3 potions of haste
 i - 3 potions of might
 j - 2 potions of cancellation
 l - 3 potions of lignification
 n - 6 potions of attraction
 r - 4 potions of flight
 w - a potion of mutation
 z - a potion of heal wounds


   Skills:
 + Level 13.5 Fighting
 - Level 16.1 Axes
 + Level 13.2 Armour
 - Level 2.1 Dodging
 + Level 12.9 Shields


You had 12 spell levels left.
You didn't know any spells.
Your spell library was empty.

Dungeon Overview and Level Annotations

Branches:
Dungeon (14/15)            Temple (0/1) D:7            Lair (0/5) D:11
    Orc (0/2) D:12         Vaults (0/5) D:13          Sewer (visited)
Ossuary (visited)           IceCv (1/1)

Altars:
Ashenzari
Cheibriados
Dithmenos
Elyvilon
Fedhas
Hepliaklqana
Kikubaaqudgha
Nemelex Xobeh
Okawaru
Sif Muna
Uskayaw
Wu Jian
Xom
Zin

Portals:
Trove: D:10 (give 7 scrolls of fog)

Annotations:
IceCv exclusion: obsidian statue


Innate Abilities, Weirdness & Mutations

You have a pair of horns on your head.
You reflexively headbutt those who attack you in melee.


Message History

The five-headed hydra simulacrum is severely damaged.
You hit the freezing wraith. You burn the freezing wraith.
You destroy the freezing wraith!
Trog accepts your kill.
You are engulfed in freezing vapours.
You lop one of the five-headed hydra simulacrum's heads off!
You slash the four-headed hydra simulacrum!
You melt the four-headed hydra simulacrum.
You feel the power of Trog in you as your rage grows.
The four-headed hydra simulacrum vaporises!
Trog accepts your kill.
You are engulfed in freezing vapours.
A deep troll simulacrum comes into view.
You are engulfed in freezing vapours.
You barely miss the deep troll simulacrum.
You headbutt the deep troll simulacrum!!
The deep troll simulacrum is severely damaged.
The deep troll simulacrum barely misses you.
The deep troll simulacrum claws you but does no damage.
The deep troll simulacrum claws you. The deep troll simulacrum freezes you!
You slash the deep troll simulacrum!
You melt the deep troll simulacrum.
You feel the power of Trog in you as your rage grows.
The deep troll simulacrum vaporises!
Trog accepts your kill.
Really walk into that cloud of freezing vapour?
Okay, then.
You start resting.
You feel a strong urge to attack something.
You start resting.
You feel your anger nearly subside.
You start resting.
You are no longer berserk.
You are exhausted.
You feel yourself slow down.
You start resting.
You are engulfed in freezing vapours.
* * * LOW HITPOINT WARNING * * *
As you read the scroll of teleportation, it crumbles to dust.
You feel strangely unstable.
You are engulfed in freezing vapours.
You die...

#.......####..#####....##
#........##....##.......#
#...........#.......∩.∩.#
#........§###..........#
#.......#§§§##..##....##
#......###§§#######..##
#.......##§☼# ####
##.....##§§##
##....###@§# ##..##
##..§# ... ○°°§# ...#
#.#§§# °°.§# #☼☼.# ..##
#.#


There were no monsters in sight!

Vanquished Creatures
  A tentacled monstrosity (D:13)
  A very ugly thing (D:13)
  The ghost of Reshi88 the Grappler, a journeyman TrBe of Trog (D:11)
  A rakshasa (D:14)
  An ice dragon (D:14)
  Erolcha (D:13)
  An ogre mage (D:13)
  A centaur warrior (D:13)
  A boulder beetle (D:12)
  3 two-headed ogres
  Nergalle (D:12)
  3 spriggan simulacra (IceCv)
  5 ugly things
  A cyclops (D:13)
  4 manticores
  A salamander (shapeshifter) (D:13)
  2 gargoyles
  2 kobold demonologists
  An unseen horror (D:13)
  An efreet (D:12)
  A komodo dragon (D:11)
  5 freezing wraiths
  An ice devil (D:11)
  A troll (D:9)
  5 small abominations (D:13)
  A hornet (D:7)
  26 yaks
  2 shadows (D:11)
  11 slime creatures (D:13)
  A vampire (D:13)
  5 wyverns
  2 wraiths
  A dire elephant simulacrum (IceCv)
  A basilisk (D:12)
  A water elemental (D:14)
  A minotaur simulacrum (IceCv)
  2 large abominations (D:13)
  A chaos spawn (D:13)
  A steam dragon (D:6)
  3 wargs (D:12)
  Edmund (D:5)
  An acid dragon (D:11)
  5 water moccasins
  2 hydra simulacra (IceCv)
  Duvessa (D:5)
  A sky beast (D:7)
  3 ice beasts (D:11)
  6 orc warriors
  2 black bears
  An ogre (D:5)
  A centaur (D:5)
  2 phantoms
  Blork the orc (D:5)
  A kobold brigand (D:11)
  2 bullfrogs
  2 deep troll simulacra (IceCv)
  3 scorpions
  2 necrophages
  2 gnoll sergeants
  11 wights
  2 water moccasin zombies (Ossuary)
  Dowan (D:5)
  5 killer bees (D:8)
  An electric eel (D:14)
  3 howler monkeys
  A bullfrog zombie (Ossuary)
  A centaur zombie (Ossuary)
  A human zombie (Ossuary)
  7 hounds
  A jelly (D:5)
  6 orc priests
  An iron imp (D:8)
  2 iguanas
  12 orc wizards
  2 scorpion zombies (Ossuary)
  Terence (D:2)
  3 ogre zombies (Ossuary)
  9 gnolls
  6 adders
  A shadow imp (D:5)
  5 white imps (D:11)
  An ufetubus (D:6)
  2 adder zombies (Ossuary)
  3 worms
  A dart slug (D:1)
  61 orcs
  11 ball pythons
  9 bats
  12 endoplasms
  11 giant cockroaches
  4 gnoll zombies (Ossuary)
  9 goblins
  7 hobgoblins
  2 jackals (D:1)
  17 quokkas
  9 frilled lizards
  5 goblin zombies (Ossuary)
  2 hobgoblin zombies (Ossuary)
  13 kobolds
  3 orc zombies (Ossuary)
  A quokka zombie (D:5)
  6 rats
  A rat zombie (D:5)
416 creatures vanquished.

Vanquished Creatures (others)
  A fungus (D:11)
  20 plants (D:11)
21 creatures vanquished.

Grand Total: 437 creatures vanquished

Notes
Turn   | Place    | Note
-------+----------+-------------------------------------------
     0 | D:1      | HammerPanzer the Minotaur Berserker began the quest for the
                  | Orb.
     0 | D:1      | Reached XP level 1. HP: 19/19 MP: 0/0
    44 | D:1      | Reached skill level 4 in Axes
   103 | D:1      | Reached XP level 2. HP: 23/26 MP: 1/1
   431 | D:1      | Found a faded altar of an unknown god.
   446 | D:1      | Reached skill level 5 in Axes
   529 | D:1      | Reached XP level 3. HP: 29/31 MP: 2/2
  1014 | D:2      | Reached ** piety under Trog
  1418 | D:2      | Noticed Terence
  1422 | D:2      | Reached XP level 4. HP: 39/39 MP: 3/3
  1423 | D:2      | Killed Terence
  1424 | D:2      | Reached skill level 6 in Axes
  1445 | D:2      | Found a hide-covered altar of Uskayaw.
  1615 | D:3      | Found a glowing drain.
  1636 | Sewer    | Entered a sewer
  1761 | Sewer    | Reached XP level 5. HP: 45/45 MP: 4/4
  1771 | Sewer    | Reached *** piety under Trog
  1805 | Sewer    | Reached skill level 7 in Axes
  1949 | Sewer    | Identified the ring of Buylol {Str+6 Dex+4}
  2083 | D:3      | Reached skill level 8 in Axes
  2085 | D:3      | Reached XP level 6. HP: 48/51 MP: 5/5
  2207 | D:3      | Found a hazy altar of Hepliaklqana.
  2207 | D:3      | Found a faded altar of an unknown god.
  2632 | D:4      | Found a hide-covered altar of Uskayaw.
  2797 | D:4      | Reached **** piety under Trog
  2798 | D:4      | Reached skill level 9 in Axes
  2845 | D:4      | Found an iron altar of Okawaru.
  3166 | D:5      | Entered Level 5 of the Dungeon
  3229 | D:5      | Reached XP level 7. HP: 53/57 MP: 6/6
  3255 | D:5      | Found an ornate altar of the Wu Jian Council.
  3290 | D:5      | Noticed Duvessa
  3290 | D:5      | Noticed Dowan
  3296 | D:5      | Killed Duvessa
  3297 | D:5      | Reached skill level 10 in Axes
  3298 | D:5      | Killed Dowan
  3495 | D:5      | Noticed Edmund
  3504 | D:5      | Killed Edmund
  3505 | D:5      | Reached skill level 11 in Axes
  3509 | D:5      | Reached XP level 8. HP: 64/64 MP: 7/7
  3554 | D:5      | Reached skill level 12 in Axes
  3643 | D:5      | Found a sand-covered staircase.
  3651 | Ossuary  | Entered an ossuary
  3914 | Ossuary  | Reached skill level 13 in Axes
  4009 | Ossuary  | Noticed a silent spectre
  4376 | D:5      | Noticed Blork the orc
  4383 | D:5      | Killed Blork the orc
  4384 | D:5      | Reached skill level 14 in Axes
  4708 | D:6      | Found an ancient bone altar of Kikubaaqudgha.
  4718 | D:6      | Found a white marble altar of Elyvilon.
  4754 | D:6      | Reached XP level 9. HP: 70/70 MP: 8/8
  4754 | D:6      | Noticed a gargoyle
  4760 | D:6      | Killed a gargoyle
  4809 | D:6      | Found a broken altar of Ashenzari.
  4853 | D:6      | Found a shadowy altar of Dithmenos.
  4876 | D:6      | Reached skill level 15 in Axes
  5324 | D:6      | Found a shimmering blue altar of Sif Muna.
  5377 | D:6      | Reached ***** piety under Trog
  5602 | D:7      | Found a staircase to the Ecumenical Temple.
  5615 | D:7      | Reached skill level 16 in Axes
  6202 | D:7      | Reached skill level 1 in Shields
  6265 | D:7      | Found a sparkling altar of Nemelex Xobeh.
  6375 | D:7      | Noticed a gargoyle
  6381 | D:7      | Killed a gargoyle
  6497 | D:7      | Noticed a kobold demonologist
  6505 | D:7      | Killed a kobold demonologist
  6506 | D:7      | Reached skill level 5 in Fighting
  6506 | D:7      | Reached XP level 10. HP: 81/81 MP: 9/9
  6817 | D:8      | Found a snail-covered altar of Cheibriados.
  7108 | D:8      | Identified the +1 scale mail "Bewnee" {rC- Str+3 SInv}
  7574 | D:8      | Reached skill level 5 in Armour
  8179 | D:9      | Reached skill level 5 in Shields
  8485 | D:9      | Found a glowing silver altar of Zin.
  8529 | D:9      | Found a shimmering altar of Xom.
  8705 | D:9      | Found a blossoming altar of Fedhas.
  8723 | D:10     | Entered Level 10 of the Dungeon
  8902 | D:10     | Found a portal to a secret trove of treasure.
  9250 | D:10     | Reached XP level 11. HP: 76/94 MP: 10/10
  9768 | D:11     | Found a runed translucent gate.
  9771 | D:11     | Found a runed translucent gate.
  9771 | D:11     | Found a runed translucent gate.
  9792 | D:11     | Noticed Reshi88's ghost (journeyman TrBe)
  9807 | D:11     | Killed Reshi88's ghost
 10485 | D:11     | Found a staircase to the Lair.
 10947 | D:11     | Received a gift from Trog
 11125 | D:12     | Found a staircase to the Orcish Mines.
 11198 | D:12     | Noticed Nergalle
 11210 | D:12     | Killed Nergalle
 11211 | D:12     | Reached skill level 10 in Fighting
 11295 | D:12     | Noticed a brown ugly thing
 11306 | D:12     | Killed a brown ugly thing
 11438 | D:12     | Reached skill level 10 in Armour
 11480 | D:12     | Noticed a boulder beetle
 11499 | D:12     | Killed a boulder beetle
 11695 | D:12     | Reached XP level 12. HP: 104/108 MP: 11/11
 11892 | D:12     | Noticed a two-headed ogre
 11903 | D:12     | Killed a two-headed ogre
 11904 | D:12     | Reached skill level 10 in Shields
 12174 | D:13     | Noticed a two-headed ogre
 12174 | D:13     | Noticed a two-headed ogre
 12175 | D:13     | Noticed an ogre mage
 12198 | D:13     | Killed a two-headed ogre
 12201 | D:13     | Killed an ogre mage
 12380 | D:13     | Found a gate to the Vaults.
 12441 | D:13     | Noticed a centaur warrior
 12449 | D:13     | Killed a centaur warrior
 12510 | D:13     | Killed a two-headed ogre
 12691 | D:13     | Found a runed translucent door.
 12957 | D:13     | Noticed Erolcha
 12967 | D:13     | Killed Erolcha
 13017 | D:13     | Noticed a red very ugly thing
 13019 | D:13     | Noticed a tentacled monstrosity
 13024 | D:13     | Killed a red very ugly thing
 13031 | D:13     | Killed a tentacled monstrosity
 13279 | D:13     | Reached XP level 13. HP: 119/119 MP: 12/12
 13296 | D:13     | Received a gift from Trog
 13886 | D:14     | Found a frozen archway.
 13899 | IceCv    | Entered an ice cave
 14669 | IceCv    | Engulfed by a cloud of freezing vapour

Illustrated notes

Levels and vault maps discovered:
D:1:      spicycebolla_arrival_clurvy, layout_basic,
          hellmonk_ecumenical_altar_zigzags
D:2:      layout_basic, basic_altar, roderic_filled_cross, item_on_display_a,
          uniq_terence
D:3:      layout_rooms, beargit_hepliaklqana_dungeon_heroes,
          portal_sewer_entry_f
D:4:      minmay_wonky_spiral, layout_cave_pools,
          mainiacjoe_overflow_surrounded_room, mainiacjoe_overflow_alcove_1,
          minmay_splitting_lines, grunt_decor_cap, grunt_ministairs_2
D:5:      layout_loops_ring, nicolae_overflow_hidden_temple, enter_ossuary_4,
          chequers_serial_rivers_large_b, minmay_misc_feat_more_columns,
          uniq_duvessa, uniq_edmund, uniq_blork_the_orc
D:6:      layout_basic, nicolae_dithmenos_the_darkroom, tgw_sif,
          kennysheep_little_box, mainiacjoe_overflow_catwalk_spiral
D:7:      layout_basic, mainiacjoe_overflow_chevrons,
          minmay_temple_entry_sparse_star, minmay_misc_feat_ornament,
          minmay_three_doors
D:8:      layout_basic, slow_altar_1
D:9:      layout_roguey, zin_treasury, lemuel_coloured_pillars_altar,
          mainiacjoe_overflow_alcove_4, special_room [special_room_orc]
D:10:     layout_small_grid, enter_trove_0, chequers_serial_rivers_micro_d
D:11:     layout_roguey, minmay_lair_entry_grove, gammafunk_ghost_icy
D:12:     layout_irregular_city, david_orc_1_choice, serial_column_ruins,
          column_ruins_hut_ruined, column_ruins_circle_large,
          column_ruins_corridor_straight, column_ruins_grid_1,
          column_ruins_columns_corner, column_ruins_corridor_straight,
          column_ruins_corridor_corner, column_ruins_grid_3, uniq_nergalle
D:13:     cheibrodos_body_horror, layout_basic, david_vaults_2, serial_rivers,
          chequers_serial_rivers_room_b, chequers_serial_rivers_marsh,
          chequers_serial_rivers_small_a, chequers_serial_rivers_room_b,
          chequers_serial_rivers_micro_c, chequers_serial_rivers_micro_e,
          serial_park_tiny_1, chequers_avenue, kennysheep_small_square,
          uniq_erolcha
D:14:     minmay_octo_star, layout_basic, serial_park_tiny_2,
          portal_ice_cave_entry_dragon, nrook_campfire,
          kennysheep_generic_room_16, uniq_roxanne, uniq_lodul, uniq_agnes
IceCv:    ice_cave_small_demon

Skill      XL: |  1  2  3  4  5  6  7  8  9 10 11 12 13 |
---------------+----------------------------------------+-----
Axes           | 4 5 6 8 9 11 14 16 | 16.1
Fighting       | 5 8 10 12 13 | 13.5
Armour         | 4 7 10 12 13 | 13.2
Shields        | 3 6 9 12 | 12.9
Dodging        | |  2.1

Action                     |  1- 3 |  4- 6 |  7- 9 | 10-12 | 13-15 || total
---------------------------+-------+-------+-------+-------+-------++-------
  Melee: Hand axe          |   102 |   120 |       |       |    41 ||   263
         Headbutt          |     5 |    29 |    41 |    90 |    20 ||   185
         War axe           |       |    80 |   207 |   452 |    53 ||   792
   Fire: Sling             |       |       |     1 |     5 |       ||     6
  Throw: Dart              |       |       |    19 |    12 |       ||    31
 Invoke: Berserk           |     1 |       |     7 |    18 |     4 ||    30
  Evoke: Wand              |       |       |     1 |       |       ||     1
    Use: Scroll            |     2 |     9 |    12 |     8 |     2 ||    33
         Potion            |       |       |     1 |       |       ||     1
   Stab: Sleeping          |     1 |       |       |       |       ||     1
 Armour: Animal skin       |    15 |       |       |       |       ||    15
         Ring mail         |    19 |       |       |       |       ||    19
         Chain mail        |       |    75 |    67 |     8 |       ||   150
         Plate armour      |       |       |       |    93 |    32 ||   125
  Dodge: Dodged            |    55 |    72 |    43 |    82 |    19 ||   271
  Block: Kite shield       |       |    30 |    60 |   169 |    58 ||   317

Table legend: (Time is in decaauts)
 A = Elapsed time spent in this place.
 B = Non-inter-level travel time spent in this place.
 C = Inter-level travel time spent in this place.
 D = Time resting spent in this place.
 E = Time spent auto-exploring this place.
 F = Levels seen in this place.
 G = Mean time per level.
                   A        B        C        D        E       F      G
               +--------+--------+--------+--------+--------+-----+--------+
         Total |  14924 |  14529 |    395 |   3598 |   7657 |  17 |  877.9 |
       Dungeon |  13362 |  12967 |    395 |   2707 |   7587 |  14 |  954.4 |
         Sewer |    378 |    378 |      0 |     27 |     63 |   1 |  378.0 |
       Ossuary |    403 |    403 |      0 |    200 |      0 |   1 |  403.0 |
      Ice Cave |    779 |    779 |      0 |    663 |      6 |   1 |  779.0 |
               +--------+--------+--------+--------+--------+-----+--------+

Top non-repeatable levels by time:
    D:13: 1752 daAuts
    D:11: 1320 daAuts
     D:7: 1232 daAuts
     D:5: 1134 daAuts
     D:8: 1098 daAuts
    D:10: 1024 daAuts
    D:12: 982 daAuts
     D:1: 981 daAuts
     D:6: 958 daAuts
     D:9: 818 daAuts
   IceCv: 779 daAuts
     D:4: 739 daAuts
     D:2: 612 daAuts
     D:3: 533 daAuts
 Ossuary: 403 daAuts
